 Dungeon Crawl Stone Soup version 0.25-a0-404-gc1b5a34292 (webtiles) character file.

Game seed: 14108017363360795832, levelgen mode: deterministic

9 Jerej03 the Skirmisher (level 2, -3/26 HPs)
             Began as a Draconian Chaos Knight on Jan 11, 2020.
             Was a Plaything of Xom.
             Slain by a hobgoblin
             ... wielding a +0 club
              (4 damage)
             ... on level 2 of the Dungeon.
             The game lasted 00:01:12 (100 turns).

Jerej03 the Skirmisher (Draconian Chaos Knight)      Turns: 100, Time: 00:01:13

Health: -3/26      AC:  4    Str: 14    XL:     2   Next: 3%
Magic:  2/2        EV: 12    Int: 12    God:    Xom [..*...]
Gold:   5          SH:  0    Dex: 10    Spells: 1/1 levels left

rFire    . . .     SeeInvis .   a - +0 falchion (chaos)
rCold    . . .     Gourm    .   (no shield)
rNeg     . . .     Faith    .   (armour unavailable)
rPois    .         Spirit   .   (helmet restricted)
rElec    .         Reflect  .   (no cloak)
rCorr    .         Harm     .   (no gloves)
MR       .....                  (no boots)
Stlth    +.........             (no amulet)
HPRegen  0.08/turn              (no ring)
MPRegen  0.08/turn              (no ring)

@: no status effects
A: unfitting armour, cold-blooded, AC +4
a: Renounce Religion


You were on level 2 of the Dungeon.
You worshipped Xom.
You were a toy of Xom.
You were not hungry.

You visited 1 branch of the dungeon, and saw 2 of its levels.

You collected 5 gold pieces.

Inventory:

Hand Weapons
 a - a +0 falchion of chaos (weapon)
Armour
 d - a +0 robe of magic resistance
Comestibles
 b - a ration
 c - a chunk of flesh


   Skills:
 + Level 3.5 Fighting
 + Level 3.2 Long Blades
 + Level 2.2 Dodging


You had one spell level left.
You didn't know any spells.
Your spell library was empty.

Dungeon Overview and Level Annotations

Branches:
Dungeon (1/15)

Altars:


Innate Abilities, Weirdness & Mutations

Your plain brown scales are hard. (AC +4)
You cannot fit into any form of body armour.
You are cold-blooded and may be slowed by cold attacks.


Message History

You hit the worm but do no damage.
The worm seems to speed up.
Xom is mildly amused.
The worm is moderately wounded.
The worm bites you.
You slash the worm!
The worm is heavily wounded.
The hobgoblin closely misses you.
You riposte.
You hit the hobgoblin.
The hobgoblin is severely wounded.
The worm bites you!
You barely miss the hobgoblin.
The hobgoblin is severely wounded.
The hobgoblin closely misses you. The worm bites you!
* * * LOW HITPOINT WARNING * * *
You hit the worm. You freeze the worm.
The worm is heavily wounded.
The hobgoblin hits you but does no damage.
You aren't carrying any potions.
You aren't carrying any scrolls.
The hobgoblin hits you with a +0 club.
You die...

#....# .######
#....#
........##....
........##...#
.............#
.............#
..........g..#
..........@w..#
..............#
.........##...#
.........##...#
.........##...####.
...................
...................
........)..........
...................


You could see a worm and a hobgoblin.

Vanquished Creatures
  A leopard gecko (D:1)
  A goblin (D:1)
  A hobgoblin (D:2)
  A quokka (D:2)
  A bat (D:2)
  A frilled lizard (D:1)
  A kobold (D:1)
  A rat (D:1)
8 creatures vanquished.

Notes
Turn   | Place    | Note
-------+----------+-------------------------------------------
     0 | D:1      | Jerej03 the Draconian Chaos Knight began the quest for the
                  | Orb.
     0 | D:1      | Reached XP level 1. HP: 19/19 MP: 1/1
    19 | D:1      | XOM: potion effect (brilliance)
    38 | D:1      | XOM: harmless Chrm miscast
    73 | D:1      | You fall into a shaft and drop 1 floor!
    87 | D:2      | Reached XP level 2. HP: 18/26 MP: 2/2
    98 | D:2      | HP: 1/26 [worm (9)]
   100 | D:2      | Slain by a hobgoblin

Levels and vault maps discovered:
D:1:      lightli_arrival_lavapool, layout_basic, minmay_misc_feat_doors
D:2:      layout_basic, nicolae_overflow_crystal_walls, first_ration,
          uniq_crazy_yiuf_cottage, uniq_jessica, uniq_natasha

Action                   || total
-------------------------++-------
Melee: Falchion          ||    21
       Tailslap          ||     2
  Use: Scroll            ||     2
Armor: Skin              ||     6
Dodge: Dodged            ||    24
       Rpst.: Falchion   ||     8

Table legend:
 A = Non-vault XP
 B = Vault XP
 C = Vault XP percentage of total XP
 D = Non-vault monster count
 E = Vault monster count
 F = Vault count percentage of total count
                 A         B        C        D         E       F
            +---------+---------+-------+---------+---------+-------
      Total |      13 |       0 |   0.0 |       8 |       0 |   0.0
            +---------+---------+-------+---------+---------+-------
        D:1 |       8 |       0 |   0.0 |       5 |       0 |   0.0
        D:2 |       5 |       0 |   0.0 |       3 |       0 |   0.0
            +---------+---------+-------+---------+---------+-------
